 Dungeon Crawl Stone Soup version 0.30.0-29-ga12c61a403 (webtiles) character file.

Game seed: 17975339644769339795

608 McKennaii the Conjurer (level 6, -2/45 HPs)
             Began as a Demigod Conjurer on June 5, 2023.
             Succumbed to their own poison gas
             ... on level 5 of the Dungeon.
             The game lasted 00:03:01 (4308 turns).

McKennaii the Conjurer (Demigod Conjurer)           Turns: 4308, Time: 00:03:02

Health: -2/45      AC:  5    Str:  8    XL:     6   Next: 99%
Magic:  1/16       EV: 12    Int: 28    God:
Gold:   360        SH:  0    Dex: 12    Spells: 7/14 levels left

rFire   . . .        p - +2 mace
rCold   . . .        (no shield)
rNeg    . . .        a - +0 robe
rPois   .            n - +0 helmet
rElec   .            (no cloak)
rCorr   .            w - +0 pair of gloves
SInv    .            o - +0 pair of boots
Will    .....        (no amulet)
Stlth   ++           t - ring of wizardry
HPRegen 0.27/turn    (no ring)
MPRegen 0.15/turn

%: wizardry (x1)
@: lethally poisoned (-2 -> -21)
A: high MP 1, forlorn, divine attributes
a: no special abilities


You were on level 5 of the Dungeon.
You visited 1 branch of the dungeon, and saw 5 of its levels.

You collected 360 gold pieces.

Inventory:

Hand Weapons
 p - a +2 mace (weapon)
Missiles
 u - 2 throwing nets
Armour
 a - a +0 robe (worn)
 n - a +0 helmet (worn)
 o - a +0 pair of boots (worn)
 w - a +0 pair of gloves (worn)
Jewellery
 t - a ring of wizardry (left hand)
Scrolls
 d - a scroll of identify
 e - 2 scrolls of teleportation {unknown}
 g - 2 scrolls of enchant weapon
 h - 3 scrolls of poison
 i - a scroll of brand weapon {unknown}
 j - a scroll of fog {unknown}
 v - a scroll of blinking {unknown}
Potions
 b - a potion of magic
 c - 4 potions of curing
 f - a potion of might {unknown}
 k - a potion of heal wounds
 l - a potion of lignification {unknown}
 m - 2 potions of attraction {unknown}
 q - a potion of ambrosia {unknown}
 r - a potion of brilliance {unknown}
 s - 2 potions of mutation {unknown}
 x - 3 potions of haste {unknown}


   Skills:
 - Level 1.7 Dodging
 - Level 1.7 Stealth
 + Level 4.9 Spellcasting
 + Level 6.2 Conjurations


You had 7 spell levels left.
You knew the following spells:

 Your Spells              Type           Power      Damage    Failure   Level
a - Magic Dart            Conj           100%       1d8       1%          1
b - Searing Ray           Conj           82%        2d7       1%          2
c - Iskenderun's Mystic   Conj/Tloc      24%        2d7       8%          4

Your spell library contained the following spells:

 Spells                   Type           Power      Damage    Failure   Level
 Momentum Strike          Conj/Tloc      48%        3d9       1%          2
 Beastly Appendage        Tmut           12%        N/A       2%          1
 Dazzling Flash           Conj/Hex       48%        N/A       2%          3
 Lesser Beckoning         Tloc           12%        N/A       4%          2
 Fulminant Prism          Conj/Hex       12%        3d9       8%          4
 Manifold Assault         Tloc           6%         N/A       26%         4


Dungeon Overview and Level Annotations

Branches:
Dungeon (5/15)             Temple (0/1) D:4

Shops:
D:2 [


Innate Abilities, Weirdness & Mutations

You have an increased reservoir of magic. (+10% MP)
You shall have no god before yourself.
Your divine heritage dramatically boosts your attributes as you level up.


Message History

The mystic blast hits the black bear!
The black bear is severely wounded.
The black bear barely misses you. x3
Unknown command.
Unknown command.
Unknown command.
The black bear attacks as you move away!
The black bear bites you!
* * * LOW HITPOINT WARNING * * *
The black bear claws you.
* * * LOW HITPOINT WARNING * * *
The black bear barely misses you.
The black bear goes berserk!
Unknown command.
Okay, then.
As you read the scroll labelled JIJILODIERE, it crumbles to dust.
It is a scroll of identify.
g - 2 scrolls of enchant weapon Unknown command.
Unknown command.
It was a potion of heal wounds.
You feel much better. The black bear bites you.
The black bear barely misses you. The black bear claws you.
The black bear closely misses you.
The black bear claws you but does no damage.
The black bear barely misses you.
Unknown command.
The air fills with toxic fumes!
As you read the scroll labelled DYDIDO UPOWAS, it crumbles to dust.
It was a scroll of poison.
The black bear bites you but does no damage.
The black bear claws you. x2
* * * LOW HITPOINT WARNING * * *
The gnoll completely misses you.
Okay, then.
Really walk into that cloud of poison gas?
The gnoll attacks as you move away! The gnoll hits you with a +0 whip!
* * * LOW HITPOINT WARNING * * *
You are engulfed in poison gas.
You are lethally poisoned!
* * * LOW HITPOINT WARNING * * *
You die...

#...###.# #.......#
#.....§§# #.....§§#
#...#+#§# #
##'#<.#§# #.
#.#..#§######## #..
#.#..#§§§§§§..#
#..##.####@§§####.#
#....###§.§§§###.#
####.##§§hg§§§##.#
#.#§§§§o.§§§#.#
#§§§§§§§.§§...#
#§§§§§§§§.....#
#§§§§§§§§...§.#
###§§§§§§§§§###
##§§§§§§§##


You could see a black bear (berserk), a gnoll and an orc.

Vanquished Creatures
  A black bear (D:4)
  A centaur (D:5)
  A bullfrog (D:4)
  A scorpion (D:5)
  A sleepcap (D:4)
  2 hounds
  Jessica (D:3)
  Terence (D:2)
  An orc wizard (D:4)
  4 gnolls
  5 adders
  A worm (D:2)
  3 dart slugs
  4 orcs
  4 bats
  7 endoplasms
  A giant cockroach (D:2)
  9 goblins
  3 hobgoblins
  4 jackals
  2 quokkas
  5 ball pythons
  2 frilled lizards
  6 kobolds
  7 rats
77 creatures vanquished.

Notes
Turn   | Place    | Note
-------+----------+-------------------------------------------
     0 | D:1      | McKennaii the Demigod Conjurer began the quest for the Orb.
     0 | D:1      | Reached XP level 1. HP: 14/14 MP: 5/5
   516 | D:1      | Reached XP level 2. HP: 12/20 MP: 4/7
  1030 | D:2      | Reached skill level 4 in Conjurations
  1137 | D:2      | Found Xacerch's Armour Emporium.
  1207 | D:2      | Noticed Terence
  1213 | D:2      | Learned a level 2 spell: Searing Ray
  1500 | D:3      | Noticed Jessica
  1504 | D:3      | Killed Jessica
  1505 | D:3      | Reached XP level 3. HP: 26/26 MP: 5/9
  1651 | D:3      | Got Sif Muna's Guidebook on Flesh
  2137 | D:3      | Reached XP level 4. HP: 33/33 MP: 6/11
  2306 | D:2      | Learned a level 4 spell: Iskenderun's Mystic Blast
  2390 | D:2      | Identified the +1 leather armour "Sueghogg" {Int+6}
  2775 | D:2      | Killed Terence
  3056 | D:4      | Got the Parchment of Orthodoxy
  3166 | D:4      | Reached skill level 5 in Conjurations
  3166 | D:4      | Reached XP level 5. HP: 31/38 MP: 0/13
  3262 | D:4      | Noticed a black bear
  3270 | D:4      | Killed a black bear
  3409 | D:4      | Reached XP level 6. HP: 45/45 MP: 12/15
  3871 | D:4      | Found a staircase to the Ecumenical Temple.
  4061 | D:5      | Entered Level 5 of the Dungeon
  4131 | D:5      | Reached skill level 6 in Conjurations
  4304 | D:5      | HP: 2/45 [black bear (7)]
  4308 | D:5      | Succumbed to their own poison gas

Illustrated notes

Levels and vault maps discovered:
D:1:      dpeg_arrival_more_subterranean_lakeside_camping, layout_rooms,
          hellmonk_ecumenical_altar_slurped_away
D:2:      layout_loops_corners, serial_shops, shop, uniq_terence
D:3:      layout_basic, nzn_overflow_gifts_of_might_and_magic,
          mainiacjoe_overflow_chevrons, dk_vineyard_3
D:4:      layout_rooms, minmay_temple_entry_purple_smoke, hex_large
D:5:      layout_basic, overflow_temple_1_default,
          nicolae_dithmenos_the_darkroom, minmay_between

Skill      XL: |  1  2  3  4  5  6 |
---------------+-------------------+-----
Spellcasting   | 2 3 4 |  4.9
Conjurations   | 4 5 6 |  6.2
Dodging        | |  1.7
Stealth        | |  1.7

Action                     |  1- 3 |  4- 6 || total
---------------------------+-------+-------++-------
  Melee: Unarmed           |     9 |       ||     9
   Cast: Magic Dart        |    76 |    88 ||   164
         Searing Ray       |     1 |    12 ||    13
         Iskenderun's Myst |       |     1 ||     1
    Use: Scroll            |       |     2 ||     2
         Potion            |       |     1 ||     1
 Armour: Robe              |     3 |    23 ||    26
  Dodge: Dodged            |    14 |    33 ||    47
